 Dungeon Crawl Stone Soup version 0.31-a0-983-g7b6862f502 (webtiles) character file.

Game seed: 12209799281041293580

3801 Hubris850 the Skirmisher (level 9, -7/64 HPs)
             Began as a Pale Draconian Shapeshifter on Nov 2, 2023.
             Was an Initiate of Gozag.
             Mangled by a two-headed ogre
             ... wielding a +0 giant club
              (18 damage)
             ... on level 8 of the Dungeon.
             The game lasted 00:20:21 (7433 turns).

Hubris850 the Skirmisher (DrSh)                     Turns: 7433, Time: 00:20:23

Health: -7/64      AC:  7    Str: 17    XL:     9   Next: 96%
Magic:  0/9        EV: 12    Int: 11    God:    Gozag
Gold:   501        SH:  5    Dex: 14    Spells: 8/8 levels left

rFire   . .          .
                       - Unarmed
rCold   . . .        g - +0 buckler
rNeg    . . .        (body armour unavailable)
rPois   +            (helmet currently unavailable)
rElec   .            (cloak currently unavailable)
rCorr   .            (gloves currently unavailable)
SInv    .            p - melded +1 pair of boots
Will    .....        z - amulet of guardian spirit
Stlth   +            j - ring of poison resistance
HPRegen 0.30/turn    O - +4 ring of slaying
MPRegen 0.11/turn

%: guardian spirit
@: beast-form
A: beast (slay +3), breathe steam, AC +7, unfitting armour, cold-blooded, steam
resistance
a: Breathe Steam, Begin Untransformation, Renounce Religion, Potion Petition,
Call Merchant, Bribe Branch


You were on level 8 of the Dungeon.
You worshipped Gozag.
Gozag was pleased with you.
You were a hulking beast.
You visited 2 branches of the dungeon, and saw 9 of its levels.
You also visited: Sewer.

You collected 536 gold pieces.
You paid 35 gold pieces to Gozag.

Inventory:

Hand Weapons
 b - a +2 sling of electrocution
 u - a +0 sling
 A - the +0 short sword "Embalmer" {flame, Will+}
   (You found it on level 4 of the Dungeon)

   Will+:     It increases your willpower.
Missiles
 e - 3 poisoned darts
 y - 5 boomerangs
 C - 2 throwing nets
 I - 2 curare-tipped darts
Armour
 g - a +0 buckler (worn)
 k - a +0 leather armour
 p - a +1 pair of boots (melded)
 T - a +0 pair of gloves
Jewellery
 j - a ring of poison resistance (left hand)
 z - an amulet of guardian spirit (around neck)
 O - a +4 ring of slaying (right hand)
Talismans
 i - a beast talisman (active)
Wands
 B - a wand of flame (17)
 N - a wand of polymorph (14)
 V - a wand of roots (3)
Scrolls
 f - 4 scrolls of identify
 h - 2 scrolls of revelation {unknown}
 m - 2 scrolls of noise {unknown}
 o - a scroll of enchant weapon {unknown}
 q - 3 scrolls of fog {unknown}
 t - 4 scrolls of teleportation {unknown}
 v - 3 scrolls of amnesia {unknown}
 w - 2 scrolls of poison {unknown}
 H - a scroll of brand weapon {unknown}
 L - a scroll of enchant armour {unknown}
 M - a scroll of blinking {unknown}
 R - a scroll of fear {unknown}
 U - a scroll of acquirement {unknown}
Potions
 a - 2 potions of lignification
 d - 4 potions of brilliance
 l - a potion of enlightenment {unknown}
 s - 2 potions of curing
 x - a potion of magic {unknown}
 D - a potion of ambrosia {unknown}
 E - a potion of resistance {unknown}
 F - 4 potions of mutation {unknown}
 G - 6 potions of haste {unknown}
 J - a potion of attraction {unknown}
 K - a potion of might {unknown}
 P - 2 potions of invisibility {unknown}
 Q - a potion of cancellation {unknown}
 S - 2 potions of heal wounds {unknown}


   Skills:
 - Level 1.1 Fighting
 + Level 9.7 Ranged Weapons
 - Level 2.0 Throwing
 - Level 3.5 Dodging
 - Level 3.0 Shields
 - Level 6.3 Unarmed Combat
 - Level 5.9 Shapeshifting


You had 8 spell levels left.
You didn't know any spells.
Your spell library contained the following spells:

 Spells                   Type           Power      Damage    Failure   Level
 Necrotise                Necr           0%         1d4       41%         1
 Poisonous Vapours        Pois/Air       0%         N/A       56%         2
 Inner Flame              Hex/Fire       0%         N/A       80%         3
 Mephitic Cloud           Conj/Pois/Air  0%         N/A       80%         3
 Vampiric Draining        Necr           0%         2d6       80%         3
 Volatile Blastmotes      Fire/Tloc      0%         2d10      80%         3
 Flame Wave               Conj/Fire      0%         2d4       99%         4
 Sticky Flame             Conj/Fire      0%         2d3       99%         4
 Agony                    Necr           0%         N/A       100%        5
 Fireball                 Conj/Fire      0%         3d3       100%        5
 Freezing Cloud           Conj/Ice/Air   0%         6-21      100%        5
 Starburst                Conj/Fire      0%         6d3       100%        6
 Simulacrum               Ice/Necr       Unusable   N/A       N/A         6

Dungeon Overview and Level Annotations

Branches:
Dungeon (8/15)             Temple (1/1) D:4           Sewer (visited)
   Lair: D:8-11

Altars:
Ashenzari
Cheibriados
Dithmenos
Elyvilon
Fedhas
Gozag
Kikubaaqudgha
Makhleb
Nemelex Xobeh
Okawaru
Qazlal
Ru
Sif Muna
Trog
Uskayaw
Vehumet
Wu Jian
Xom
Yredelemnul
Zin
The Shining One

Annotations:
D:8 3 runed translucent doors, GoblinPMC's ghost, novice MiFi; Maurice


Innate Abilities, Weirdness & Mutations

You are a hulking beast.
Your limbs bulge with bestial killing power. (Slay +3)
You can breathe blasts of scalding, opaque steam.
Your pale cyan-grey scales are hard. (AC +7)
You cannot fit into any form of body armour.
You are cold-blooded and may be slowed by cold attacks.
You are immune to the effects of steam.


Message History

Something steals your amulet of magic regeneration!
You shoot a sling bullet.
You hear a zap.
Something tries to affect you, but you resist.
You shoot a sling bullet. Something hits you.
Something steals 625 gold pieces!
You now have 916 gold pieces.
You shoot a sling bullet. Something hits you.
Something steals 415 gold pieces!
You no longer have enough gold to fund merchants seeking to open stores in the dungeon.
You now have 501 gold pieces.
You shoot a sling bullet.
The orc wizard gestures wildly while chanting.
The orc wizard flickers and vanishes!
You shoot a sling bullet.
The sling bullet hits the two-headed ogre!
The two-headed ogre is heavily wounded.
The orc priest calls upon Beogh to heal something.
You shoot a sling bullet.
You feel less confused.
You shoot a sling bullet.
The sling bullet hits the two-headed ogre.
Lightning courses through the two-headed ogre!
The two-headed ogre is severely wounded.
The orc priest begins to cast a cantrip, but forgets the words!
The two-headed ogre misses you.
The two-headed ogre hits you with a +0 giant club!
You are too injured to fight recklessly!
You are too injured to fight recklessly!
You are too injured to fight recklessly!
Your +2 sling of electrocution stops crackling.
You are now empty-handed.
You closely miss the two-headed ogre.
The two-headed ogre is severely wounded.
You block the two-headed ogre's attack. The two-headed ogre closely misses you.
You hit the two-headed ogre.
The two-headed ogre is severely wounded.
The two-headed ogre hits you with a +0 giant club!!
* * * LOW HITPOINT WARNING * * *
The two-headed ogre hits you with a +0 giant club!!
You die...
Your body crumbles into a pile of gold.

## .. . .## $. ..##. o...
.{# ########{# #.....hOo#
###.######## #.....#
####.###.######### #....#
#.........# ####
#.##.###.#######.########...
#.##.....#######............
#.####...>...........####.#.
#.# ###############.# #.#.


You could see a two-headed ogre and an orc warrior.

Vanquished Creatures
  Eustachio (D:6)
  A steam dragon (D:8)
  Duvessa (D:6)
  A water moccasin (D:6)
  2 orc warriors
  2 ice beasts
  A black bear (D:5)
  2 ogres (D:6)
  A centaur (D:7)
  2 kobold brigands
  A phantom (D:6)
  2 bullfrogs
  5 scorpions
  Dowan (D:6)
  5 killer bees (D:7)
  An electric eel (D:7)
  7 howler monkeys
  An orc priest (D:8)
  3 hounds
  2 gnoll boudas
  3 jellies
  3 sleepcaps
  6 iguanas
  Terence (D:3)
  11 orc wizards
  Ijyb (D:5)
  Robin (D:3)
  12 adders
  17 gnolls
  8 river rats (Sewer)
  A shadow imp (D:6)
  A white imp (D:7)
  A worm (D:3)
  3 dart slugs
  29 orcs
  14 ball pythons
  11 bats
  10 endoplasms
  A giant cockroach (D:4)
  10 goblins
  11 hobgoblins
  12 jackals (D:4)
  3 quokkas
  9 frilled lizards
  25 kobolds
  22 rats
268 creatures vanquished.

Vanquished Creatures (others)
  A gnoll (D:8)
1 creature vanquished.

Grand Total: 269 creatures vanquished

Notes
Turn   | Place    | Note
-------+----------+-------------------------------------------
     0 | D:1      | Hubris850 the Draconian Shapeshifter began the quest for
                  | the Orb.
     0 | D:1      | Reached XP level 1. HP: 16/16 MP: 1/1
   148 | D:1      | Reached XP level 2. HP: 23/23 MP: 2/2
   609 | D:2      | Reached skill level 1 in Throwing
   609 | D:2      | Reached XP level 3. HP: 28/28 MP: 3/3
   809 | D:2      | Reached skill level 1 in Shields
   925 | D:2      | Reached XP level 4. HP: 31/35 MP: 4/4
  1353 | D:3      | Found a radiant altar of Vehumet.
  2015 | D:3      | Noticed Terence
  2016 | D:3      | Killed Terence
  2017 | D:3      | Reached XP level 5. HP: 40/40 MP: 5/5
  2076 | D:3      | Noticed Robin
  2084 | D:3      | Killed Robin
  2351 | D:4      | Found a glowing silver altar of Zin.
  2394 | D:4      | Identified the +0 short sword "Embalmer" {flame, Will+}
  2397 | D:4      | Reached skill level 1 in Ranged Weapons
  2454 | D:4      | Found a white marble altar of Elyvilon.
  2455 | D:4      | Found a glowing golden altar of the Shining One.
  2620 | D:4      | Found a shimmering blue altar of Sif Muna.
  2622 | D:4      | Reached XP level 6. HP: 47/47 MP: 6/6
  2666 | D:4      | Found a staircase to the Ecumenical Temple.
  2672 | Temple   | Entered the Ecumenical Temple
  2760 | Temple   | Became a worshipper of Gozag Ym Sagoz the Greedy
  3024 | D:4      | Reached skill level 2 in Ranged Weapons
  3025 | D:4      | Your scales start taking on a pale cyan-grey colour.
  3025 | D:4      | Reached XP level 7. HP: 47/52 MP: 7/7
  3025 | D:4      | Gained mutation: You are immune to the effects of steam.
                  | [Pale Draconian growth]
  3509 | D:4      | Reached skill level 3 in Ranged Weapons
  3509 | D:4      | Reached skill level 5 in Unarmed Combat
  3673 | D:5      | Identified the "Baizxol"
  3673 | D:5      | Entered Level 5 of the Dungeon
  3691 | D:5      | Reached skill level 5 in Shapeshifting
  3794 | D:5      | Reached XP level 8. HP: 47/59 MP: 6/8
  4100 | D:5      | Noticed Ijyb
  4102 | D:5      | Killed Ijyb
  4332 | D:6      | Found a glowing drain.
  4342 | D:6      | Noticed Eustachio
  4357 | D:6      | Killed Eustachio
  4358 | D:6      | Reached skill level 4 in Ranged Weapons
  4417 | Sewer    | Entered a sewer
  4448 | Sewer    | Reached skill level 5 in Ranged Weapons
  5269 | D:6      | Reached skill level 6 in Ranged Weapons
  5269 | D:6      | Reached XP level 9. HP: 64/64 MP: 9/9
  5487 | D:6      | Reached skill level 7 in Ranged Weapons
  5574 | D:6      | Noticed Dowan
  5575 | D:6      | Killed Dowan
  5576 | D:6      | Noticed Duvessa
  5593 | D:6      | Killed Duvessa
  5988 | D:7      | Found an ancient bone altar of Kikubaaqudgha.
  6006 | D:7      | Reached skill level 8 in Ranged Weapons
  6768 | D:8      | Reached skill level 9 in Ranged Weapons
  7070 | D:8      | Found a runed translucent gate.
  7070 | D:8      | Found a runed translucent gate.
  7070 | D:8      | Found a runed translucent gate.
  7070 | D:8      | Found an opulent altar of Gozag.
  7072 | D:8      | Noticed GoblinPMC's ghost (novice MiFi)
  7414 | D:8      | Noticed a two-headed ogre
  7416 | D:8      | Noticed Maurice
  7418 | D:8      | Something stole a staff of poison
  7419 | D:8      | Something stole a flux talisman
  7420 | D:8      | Something stole 9 poisoned darts
  7422 | D:8      | Something stole an amulet of magic regeneration
  7424 | D:8      | Something stole 625 gold
  7425 | D:8      | Something stole 415 gold
  7433 | D:8      | Mangled by a two-headed ogre

Illustrated notes

Levels and vault maps discovered:
D:1:      dpeg_arrival_simpleton_c, layout_basic
D:2:      layout_basic
D:3:      layout_basic, vehumet_crystals, uniq_terence, uniq_robin
D:4:      lemuel_castle_with_subvaults [lemuel_castle_interior_carwin_2],
          layout_basic, good_gods_temple_1, kennysheep_orc_sif_temple,
          temple_green, minmay_crossroads
D:5:      cheibrodos_thug_alley, layout_rooms, uniq_ijyb
D:6:      layout_cave_pools, cheibrodos_sewer_entry_sluice, uniq_eustachio,
          uniq_duvessa
D:7:      layout_basic, mainiacjoe_overflow_small_starburst, serial_bayou,
          serial_bayou_lagoon_a, serial_bayou_shore_b, serial_bayou_pond_d,
          serial_bayou_pond_d
D:8:      layout_loops_ring, ebering_ghost_gozag, uniq_maurice
Temple:   regret_index_temple_waves

Skill      XL: |  1  2  3  4  5  6  7  8  9 |
---------------+----------------------------+-----
Dodging        | 2 3 |  3.5
Throwing       | 1 2 |  2.0
Shields        | 1 2 3 |  3.0
Ranged Weapons | 1 2 3 6 9 |  9.7
Unarmed Combat | 4 5 6 |  6.3
Shapeshifting  | 4 5 |  5.9
Fighting       | |  1.1

Action                     |  1- 3 |  4- 6 |  7- 9 || total
---------------------------+-------+-------+-------++-------
  Melee: Unarmed           |    97 |    76 |    20 ||   193
         Tailslap          |    15 |    11 |     2 ||    28
   Fire: Sling             |    15 |   133 |   414 ||   562
Ability: Begin Untransform |     1 |       |       ||     1
         Breathe Steam     |       |       |     7 ||     7
    Use: Scroll            |       |       |     3 ||     3
   Stab: Sleeping          |     1 |       |       ||     1
 Armour: Skin              |    55 |    66 |   132 ||   253
  Dodge: Dodged            |    43 |    96 |   105 ||   244
  Block: Buckler           |     5 |    28 |    45 ||    78
   Form: Beast             |     1 |       |       ||     1

Table legend: (Time is in decaauts)
 A = Elapsed time spent in this place.
 B = Non-inter-level travel time spent in this place.
 C = Inter-level travel time spent in this place.
 D = Time resting spent in this place.
 E = Time spent auto-exploring this place.
 F = Levels seen in this place.
 G = Mean time per level.
                   A        B        C        D        E       F      G
               +--------+--------+--------+--------+--------+-----+--------+
         Total |   7600 |   7356 |    244 |    378 |   5103 |  10 |  760.0 |
       Dungeon |   6787 |   6573 |    214 |    378 |   4571 |   8 |  848.4 |
        Temple |    119 |     89 |     30 |      0 |      0 |   1 |  119.0 |
         Sewer |    693 |    693 |      0 |      0 |    532 |   1 |  693.0 |
               +--------+--------+--------+--------+--------+-----+--------+

Top non-repeatable levels by time:
     D:4: 1405 daAuts
     D:6: 983 daAuts
     D:3: 890 daAuts
     D:2: 854 daAuts
     D:7: 834 daAuts
   Sewer: 693 daAuts
     D:8: 673 daAuts
     D:5: 651 daAuts
     D:1: 496 daAuts
  Temple: 119 daAuts
